3095 views
Uploaded 2020-03-06 19:01:56
Game version 1.32.2
51:23 long 3on3 ladder game on (6)UpperKingdom
Saved by iggythefisk
3095 views
Uploaded 2020-03-06 19:01:56
Game version 1.32.2
51:23 long 3on3 ladder game on (6)UpperKingdom


206 units @ 33.1k
/ 5.5k
102 buildings @ 12.7k
/ 6.5k


| Wisp | 30 | 1800 | / | 0 |
| Huntress | 5 | 975 | / | 100 |
| Dryad | 5 | 725 | / | 300 |
| Druid of the Talon | 4 | 580 | / | 80 |
| Chimaera | 16 | 5280 | / | 1120 |
| total: | 60 | 9360g | / | 1600w |
| Ancient Protector | 7 | 945 | / | 560 |
| Altar of Elders | 1 | 180 | / | 50 |
| Moon Well | 8 | 1440 | / | 320 |
| Ancient of War | 2 | 300 | / | 120 |
| Hunter's Hall | 1 | 210 | / | 100 |
| Tree of Life | 3 | 1020 | / | 555 |
| Ancient of Lore | 1 | 155 | / | 145 |
| Ancient of Wind | 1 | 150 | / | 140 |
| Chimaera Roost | 4 | 560 | / | 760 |
| Tree of Ages | 2 | 640 | / | 360 |
| Tree of Eternity | 2 | 660 | / | 400 |
| total: | 28 | 4960g | / | 2750w |
| 0:02 | Wisp |
| 0:02 | Wisp |
| 0:03 | Altar of Elders |
| 0:16 | Moon Well |
| 0:25 | Wisp |
| 0:38 | Wisp |
| 0:42 | Ancient of War |
| 0:51 | Wisp |
| 0:52 | Wisp |
| 1:08 | Wisp |
| 1:28 | Wisp |
| 1:34 | Ancient of War |
| 1:38 | Hunter's Hall |
| 1:46 | Wisp |
| 1:51 | Moon Well |
| 2:03 | Entangling Roots |
| 2:08 | Wisp |
| 2:10 | Wisp |
| 2:51 | Huntress |
| 2:51 | Huntress |
| 3:02 | Huntress |
| 3:30 | Tree of Ages |
| 3:52 | Huntress |
| 4:19 | Moon Well |
| 4:29 | Huntress |
| 4:37 | Force of Nature |
| 4:58 | Moon Well |
| 5:21 | Strength of the Moon |
| 5:57 | Ancient of Lore |
| 5:59 | Ancient of Wind |
| 6:21 | Moon Well |
| 7:04 | Tree of Life |
| 7:19 | Trueshot Aura |
| 7:20 | Force of Nature |
| 7:25 | Dryad |
| 7:27 | Druid of the Talon |
| 7:32 | Wisp |
| 7:32 | Wisp |
| 7:54 | Dryad |
| 7:56 | Druid of the Talon |
| 8:12 | Wisp |
| 8:12 | Wisp |
| 8:28 | Abolish Magic |
| 8:28 | Druid of the Claw Adept Training |
| 8:36 | Druid of the Talon Adept Training |
| 8:45 | Dryad |
| 8:46 | Druid of the Talon |
| 9:02 | Entangling Roots |
| 9:03 | Searing Arrows |
| 9:09 | Strength of the Wild |
| 9:10 | Reinforced Hides |
| 9:13 | Wisp |
| 9:13 | Wisp |
| 9:52 | Tree of Eternity |
| 10:52 | Tree of Life |
| 10:54 | Dryad |
| 10:56 | Druid of the Talon |
| 11:59 | Wisp |
| 11:59 | Wisp |
| 12:18 | Chimaera Roost |
| 12:24 | Chimaera Roost |
| 12:33 | Trueshot Aura |
| 12:39 | Wisp |
| 12:39 | Wisp |
| 12:39 | Wisp |
| 12:41 | Wisp |
| 12:42 | Wisp |
| 13:10 | Moon Well |
| 13:11 | Moon Well |
| 13:34 | Moon Well |
| 13:59 | Chimaera |
| 14:15 | Corrosive Breath |
| 14:22 | Wisp |
| 14:22 | Wisp |
| 15:20 | Chimaera |
| 16:28 | Improved Strength of the Wild |
| 16:28 | Improved Reinforced Hides |
| 16:33 | Chimaera Roost |
| 16:33 | Chimaera Roost |
| 17:28 | Chimaera |
| 18:04 | Chimaera |
| 18:04 | Chimaera |
| 18:04 | Chimaera |
| 18:07 | Force of Nature |
| 18:30 | Chimaera |
| 18:57 | Searing Arrows |
| 19:59 | Chimaera |
| 19:59 | Chimaera |
| 20:28 | Advanced Strength of the Wild |
| 26:12 | Tranquility |
| 27:03 | Chimaera |
| 29:46 | Chimaera |
| 31:13 | Entangling Roots |
| 32:18 | Advanced Reinforced Hides |
| 32:23 | Ultravision |
| 33:05 | Tree of Life |
| 35:00 | Dryad |
| 35:11 | Ancient Protector |
| 35:11 | Ancient Protector |
| 35:11 | Ancient Protector |
| 35:12 | Ancient Protector |
| 35:49 | Wisp |
| 35:49 | Wisp |
| 35:49 | Wisp |
| 35:50 | Wisp |
| 35:53 | Ancient Protector |
| 38:53 | Trueshot Aura |
| 40:11 | Chimaera |
| 40:53 | Well Spring |
| 42:12 | Chimaera |
| 42:17 | Thorns Aura |
| 42:37 | Chimaera |
| 43:29 | Ancient Protector |
| 43:29 | Ancient Protector |
| 45:39 | Starfall |
| 46:30 | Chimaera |
| 48:53 | Chimaera |
| 49:39 | Thorns Aura |
| Right click | 3416 |
| Select group | 3115 |
| Select | 825 |
| Assign group | 275 |
| Build/train/purchase | 123 |
| Misc. action | 99 |
| Use ability | 93 |
| Resource trade | 5 |
| Minimap ping | 3 |
| Remove unit | 2 |
| Esc | 2 |



| Scroll of Regeneration | 1 | 100 |
| Lesser Clarity Potion | 1 | 70 |
| Potion of Healing | 5 | 750 |
| Scroll of Town Portal | 2 | 700 |
| total: | 9 | 1620g |
| Peasant | 20 | 1500 | / | 0 |
| Footman | 8 | 1080 | / | 0 |
| Priest | 9 | 1215 | / | 90 |
| Sorceress | 2 | 310 | / | 40 |
| Rifleman | 6 | 1230 | / | 180 |
| Spell Breaker | 7 | 1505 | / | 210 |
| Knight | 8 | 1960 | / | 480 |
| Gryphon Rider | 15 | 4200 | / | 1050 |
| total: | 75 | 13000g | / | 2050w |
| Scout Tower | 27 | 810 | / | 540 |
| Arcane Tower | 2 | 140 | / | 100 |
| Guard Tower | 9 | 630 | / | 450 |
| Altar of Kings | 1 | 180 | / | 50 |
| Farm | 13 | 1040 | / | 260 |
| Barracks | 1 | 160 | / | 60 |
| Lumber Mill | 2 | 240 | / | 0 |
| Arcane Vault | 2 | 260 | / | 60 |
| Town Hall | 2 | 770 | / | 410 |
| Blacksmith | 1 | 140 | / | 60 |
| Arcane Sanctum | 2 | 300 | / | 280 |
| Gryphon Aviary | 2 | 280 | / | 300 |
| Workshop | 2 | 280 | / | 280 |
| Keep | 1 | 320 | / | 210 |
| Castle | 2 | 720 | / | 420 |
| total: | 55 | 4460g | / | 2300w |
| 0:03 | Altar of Kings |
| 0:04 | Peasant |
| 0:12 | Peasant |
| 0:17 | Farm |
| 0:19 | Barracks |
| 0:27 | Peasant |
| 0:44 | Peasant |
| 0:50 | Farm |
| 0:53 | Peasant |
| 1:06 | Peasant |
| 1:20 | Footman |
| 1:20 | Footman |
| 1:30 | Peasant |
| 1:33 | Scout Tower |
| 1:41 | Footman |
| 1:41 | Footman |
| 1:52 | Peasant |
| 1:58 | Arcane Tower |
| 2:08 | Summon Water Elemental |
| 2:16 | Footman |
| 2:25 | Farm |
| 2:52 | Peasant |
| 3:13 | Keep |
| 4:01 | Footman |
| 4:17 | Footman |
| 4:23 | Lumber Mill |
| 4:32 | Farm |
| 4:42 | Arcane Vault |
| 4:48 | Farm |
| 5:19 | Footman |
| 6:11 | Brilliance Aura |
| 6:38 | Arcane Sanctum |
| 6:43 | Town Hall |
| 6:51 | Storm Bolt |
| 7:25 | Blacksmith |
| 7:26 | Peasant |
| 7:26 | Peasant |
| 7:46 | Farm |
| 7:48 | Peasant |
| 8:04 | Lumber Mill |
| 8:28 | Peasant |
| 8:29 | Peasant |
| 8:36 | Priest |
| 8:38 | Scroll of Regeneration |
| 8:38 | Lesser Clarity Potion |
| 8:57 | Peasant |
| 9:01 | Backpack |
| 9:05 | Arcane Sanctum |
| 9:13 | Priest |
| 9:26 | Potion of Healing |
| 9:31 | Sorceress |
| 9:34 | Farm |
| 9:35 | Black Gunpowder |
| 9:36 | Refined Gunpowder |
| 9:47 | Rifleman |
| 10:04 | Bash |
| 10:16 | Summon Water Elemental |
| 10:19 | Priest |
| 10:19 | Priest Adept Training |
| 10:29 | Castle |
| 10:32 | Priest |
| 10:41 | Spell Breaker |
| 10:41 | Spell Breaker |
| 10:56 | Rifleman |
| 10:56 | Rifleman |
| 11:10 | Spell Breaker |
| 11:34 | Rifleman |
| 11:36 | Long Rifles |
| 11:42 | Farm |
| 11:43 | Farm |
| 11:57 | Imbued Gunpowder |
| 12:39 | Farm |
| 13:04 | Priest Master Training |
| 13:05 | Knight |
| 13:14 | Scroll of Town Portal |
| 13:21 | Scroll of Town Portal |
| 13:25 | Priest |
| 13:44 | Knight |
| 13:44 | Knight |
| 13:59 | Spell Breaker |
| 14:00 | Spell Breaker |
| 14:36 | Town Hall |
| 14:46 | Iron Plating |
| 15:35 | Farm |
| 15:36 | Farm |
| 15:59 | Farm |
| 16:18 | Priest |
| 16:38 | Priest |
| 16:45 | Peasant |
| 16:46 | Peasant |
| 17:12 | Rifleman |
| 17:12 | Defend |
| 17:33 | Knight |
| 17:39 | Storm Bolt |
| 17:41 | Knight |
| 17:45 | Rifleman |
| 17:48 | Spell Breaker |
| 17:48 | Priest |
| 17:48 | Sorceress |
| 18:18 | Knight |
| 18:18 | Animal War Training |
| 20:24 | Knight |
| 20:34 | Spell Breaker |
| 20:36 | Brilliance Aura |
| 20:51 | Holy Light |
| 22:02 | Steel Plating |
| 22:05 | Knight |
| 23:23 | Bash |
| 23:47 | Gryphon Aviary |
| 24:03 | Studded Leather Armor |
| 25:20 | Gryphon Rider |
| 25:20 | Gryphon Rider |
| 25:39 | Gryphon Rider |
| 25:39 | Gryphon Rider |
| 26:45 | Priest |
| 27:27 | Devotion Aura |
| 27:39 | Storm Hammers |
| 27:43 | Gryphon Aviary |
| 28:58 | Gryphon Rider |
| 28:58 | Gryphon Rider |
| 30:08 | Peasant |
| 30:08 | Peasant |
| 30:27 | Peasant |
| 30:35 | Holy Light |
| 30:46 | Summon Water Elemental |
| 30:59 | Scout Tower |
| 31:00 | Scout Tower |
| 31:02 | Scout Tower |
| 31:03 | Scout Tower |
| 31:04 | Scout Tower |
| 31:05 | Scout Tower |
| 31:06 | Scout Tower |
| 31:09 | Scout Tower |
| 31:09 | Scout Tower |
| 31:12 | Scout Tower |
| 32:18 | Scout Tower |
| 32:18 | Scout Tower |
| 32:19 | Scout Tower |
| 32:19 | Scout Tower |
| 33:02 | Guard Tower |
| 33:05 | Scout Tower |
| 33:15 | Workshop |
| 33:17 | Workshop |
| 34:31 | Guard Tower |
| 35:18 | Arcane Vault |
| 36:24 | Scout Tower |
| 36:25 | Scout Tower |
| 36:27 | Scout Tower |
| 36:36 | Potion of Healing |
| 36:50 | Potion of Healing |
| 38:14 | Scout Tower |
| 38:14 | Scout Tower |
| 38:16 | Scout Tower |
| 38:16 | Scout Tower |
| 38:16 | Scout Tower |
| 38:16 | Scout Tower |
| 38:16 | Scout Tower |
| 38:54 | Guard Tower |
| 39:26 | Potion of Healing |
| 39:32 | Potion of Healing |
| 39:55 | Guard Tower |
| 39:57 | Scout Tower |
| 40:03 | Storm Bolt |
| 40:12 | Gryphon Rider |
| 40:12 | Gryphon Rider |
| 40:16 | Mithril Plating |
| 42:03 | Devotion Aura |
| 43:08 | Reinforced Leather Armor |
| 44:08 | Guard Tower |
| 46:07 | Gryphon Rider |
| 46:27 | Mass Teleport |
| 48:24 | Gryphon Rider |
| 48:24 | Gryphon Rider |
| 48:24 | Gryphon Rider |
| 48:24 | Gryphon Rider |
| 48:24 | Gryphon Rider |
| 48:24 | Gryphon Rider |
| 48:48 | Avatar |
| Select group | 5542 |
| Right click | 3747 |
| Select | 1083 |
| Assign group | 253 |
| Build/train/purchase | 173 |
| Misc. action | 97 |
| Use ability | 82 |
| Resource trade | 14 |
| Item give/drop | 1 |
| Remove unit | 1 |
| Esc | 1 |


| Healing Salve | 2 | 200 |
| Scroll of Speed | 2 | 100 |
| Potion of Healing | 3 | 450 |
| Scroll of Town Portal | 1 | 350 |
| total: | 8 | 1100g |
| Peon | 23 | 1725 | / | 0 |
| Grunt | 5 | 1000 | / | 0 |
| Troll Headhunter | 5 | 700 | / | 100 |
| Troll Berserker | 1 | 140 | / | 20 |
| Demolisher | 21 | 4620 | / | 1050 |
| Troll Batrider | 16 | 2560 | / | 640 |
| total: | 71 | 10745g | / | 1810w |
| Altar of Storms | 1 | 180 | / | 50 |
| Orc Burrow | 7 | 1120 | / | 280 |
| Barracks | 2 | 360 | / | 100 |
| War Mill | 1 | 205 | / | 0 |
| Voodoo Lounge | 1 | 130 | / | 30 |
| Great Hall | 1 | 385 | / | 185 |
| Spirit Lodge | 1 | 150 | / | 150 |
| Beastiary | 5 | 725 | / | 700 |
| Stronghold | 1 | 315 | / | 190 |
| Fortress | 1 | 325 | / | 190 |
| total: | 19 | 3255g | / | 1495w |
| 0:04 | Peon |
| 0:11 | Altar of Storms |
| 0:15 | Peon |
| 0:23 | Orc Burrow |
| 0:30 | Peon |
| 0:36 | Barracks |
| 0:46 | Peon |
| 0:55 | Peon |
| 1:17 | Peon |
| 1:31 | Orc Burrow |
| 1:39 | Grunt |
| 1:59 | Grunt |
| 2:14 | Feral Spirit |
| 3:37 | Grunt |
| 3:38 | Grunt |
| 3:50 | Stronghold |
| 4:00 | Orc Burrow |
| 4:04 | Grunt |
| 4:14 | Barracks |
| 4:39 | War Mill |
| 5:30 | Orc Burrow |
| 6:03 | Voodoo Lounge |
| 6:06 | Troll Headhunter |
| 6:14 | Far Sight |
| 6:42 | Troll Headhunter |
| 6:44 | Fortress |
| 7:12 | Healing Salve |
| 8:10 | Feral Spirit |
| 8:15 | Troll Headhunter |
| 8:22 | Great Hall |
| 8:25 | Healing Salve |
| 8:26 | Scroll of Speed |
| 8:32 | Endurance Aura |
| 8:45 | Troll Headhunter |
| 9:15 | Peon |
| 9:15 | Peon |
| 9:35 | Berserker Upgrade |
| 9:39 | Peon |
| 9:56 | Troll Headhunter |
| 10:42 | Steel Ranged Weapons |
| 10:45 | Spirit Lodge |
| 10:50 | Peon |
| 10:50 | Peon |
| 11:05 | War Stomp |
| 11:39 | Troll Berserker |
| 11:54 | Beastiary |
| 11:58 | Beastiary |
| 12:01 | Peon |
| 12:02 | Peon |
| 12:02 | Peon |
| 12:02 | Peon |
| 12:06 | Orc Burrow |
| 12:30 | Steel Armor |
| 12:33 | Troll Regeneration |
| 13:32 | Demolisher |
| 13:33 | Demolisher |
| 13:37 | Orc Burrow |
| 14:05 | Peon |
| 14:06 | Peon |
| 14:19 | Thorium Ranged Weapons |
| 14:26 | Liquid Fire |
| 14:54 | Demolisher |
| 14:54 | Demolisher |
| 15:33 | Burning Oil |
| 15:34 | Demolisher |
| 16:30 | Far Sight |
| 16:53 | Demolisher |
| 16:54 | Demolisher |
| 17:21 | Demolisher |
| 17:22 | Demolisher |
| 17:22 | Demolisher |
| 17:44 | Demolisher |
| 17:51 | Arcanite Ranged Weapons |
| 18:11 | Endurance Aura |
| 20:26 | Demolisher |
| 20:27 | Demolisher |
| 20:27 | Demolisher |
| 21:14 | Demolisher |
| 26:11 | Troll Batrider |
| 26:12 | Troll Batrider |
| 26:12 | Troll Batrider |
| 26:12 | Troll Batrider |
| 26:13 | Troll Batrider |
| 26:14 | Troll Batrider |
| 26:14 | Troll Batrider |
| 26:14 | Troll Batrider |
| 26:18 | Beastiary |
| 26:23 | Beastiary |
| 26:26 | Beastiary |
| 27:59 | Troll Batrider |
| 28:00 | Troll Batrider |
| 28:00 | Troll Batrider |
| 28:00 | Troll Batrider |
| 29:27 | Troll Batrider |
| 29:27 | Troll Batrider |
| 29:28 | Troll Batrider |
| 29:28 | Troll Batrider |
| 34:39 | Feral Spirit |
| 34:41 | War Stomp |
| 37:23 | Demolisher |
| 37:24 | Demolisher |
| 39:01 | Demolisher |
| 39:01 | Demolisher |
| 41:11 | Demolisher |
| 41:11 | Demolisher |
| 44:50 | Scroll of Town Portal |
| 44:50 | Scroll of Speed |
| 44:51 | Potion of Healing |
| 46:24 | Potion of Healing |
| 46:24 | Potion of Healing |
| 46:43 | Peon |
| 46:43 | Peon |
| 46:49 | Peon |
| 46:49 | Peon |
| 47:27 | Orc Burrow |
| 47:31 | Peon |
| 47:31 | Peon |
| Right click | 2097 |
| Select | 592 |
| Select group | 219 |
| Build/train/purchase | 127 |
| Assign group | 61 |
| Resource trade | 26 |
| Use ability | 18 |
| Remove unit | 10 |
| Minimap ping | 7 |
109 units @ 8.6k
/ 0.7k
606 buildings @ 32.1k
/ 15.7k



| Orb of Venom | 1 | 325 |
| Staff of Preservation | 3 | 450 |
| Staff of Sanctuary | 3 | 750 |
| total: | 7 | 1525g |
| Wisp | 26 | 1560 | / | 0 |
| Dryad | 9 | 1305 | / | 540 |
| total: | 35 | 2865g | / | 540w |
| Altar of Elders | 2 | 360 | / | 100 |
| Moon Well | 20 | 3600 | / | 800 |
| Ancient of Wonders | 2 | 180 | / | 60 |
| Hunter's Hall | 2 | 420 | / | 200 |
| Tree of Life | 3 | 1020 | / | 555 |
| Ancient of Wind | 1 | 150 | / | 140 |
| Ancient of Lore | 2 | 310 | / | 290 |
| Tree of Ages | 1 | 320 | / | 180 |
| Tree of Eternity | 1 | 330 | / | 200 |
| total: | 32 | 6040g | / | 2145w |
| 0:03 | Wisp |
| 0:03 | Wisp |
| 0:07 | Altar of Elders |
| 0:12 | Moon Well |
| 0:25 | Wisp |
| 0:35 | Moon Well |
| 0:41 | Wisp |
| 0:49 | Wisp |
| 1:02 | Wisp |
| 1:12 | Wisp |
| 1:21 | Wisp |
| 1:34 | Wisp |
| 2:09 | Entangling Roots |
| 2:12 | Wisp |
| 2:13 | Wisp |
| 2:13 | Wisp |
| 2:21 | Wisp |
| 3:16 | Wisp |
| 3:16 | Wisp |
| 3:16 | Wisp |
| 3:16 | Wisp |
| 3:16 | Wisp |
| 3:41 | Wisp |
| 3:41 | Wisp |
| 3:48 | Wisp |
| 3:53 | Moon Well |
| 5:09 | Tree of Ages |
| 5:40 | Thorns Aura |
| 5:55 | Moon Well |
| 7:20 | Ancient of Wonders |
| 7:23 | Ancient of Wonders |
| 7:33 | Tree of Eternity |
| 8:29 | Trueshot Aura |
| 8:38 | Hunter's Hall |
| 9:43 | Ultravision |
| 9:54 | Orb of Venom |
| 10:00 | Entangling Roots |
| 10:19 | Frost Arrows |
| 11:08 | Searing Arrows |
| 12:11 | Well Spring |
| 12:13 | Moon Well |
| 13:38 | Staff of Preservation |
| 13:45 | Staff of Preservation |
| 13:55 | Tree of Life |
| 13:58 | Nature's Blessing |
| 14:34 | Forked Lightning |
| 15:30 | Moon Well |
| 15:31 | Moon Well |
| 16:18 | Moon Well |
| 16:19 | Moon Well |
| 16:26 | Staff of Preservation |
| 16:28 | Staff of Sanctuary |
| 16:30 | Staff of Sanctuary |
| 18:35 | Moon Well |
| 18:37 | Moon Well |
| 19:23 | Wisp |
| 19:23 | Wisp |
| 19:23 | Wisp |
| 19:23 | Wisp |
| 19:24 | Wisp |
| 19:49 | Trueshot Aura |
| 19:50 | Thorns Aura |
| 21:38 | Ancient of Wind |
| 21:39 | Strength of the Wild |
| 21:39 | Reinforced Hides |
| 23:15 | Frost Arrows |
| 24:06 | Tree of Life |
| 25:28 | Moon Well |
| 25:29 | Moon Well |
| 25:30 | Moon Well |
| 25:31 | Moon Well |
| 25:37 | Moon Well |
| 25:38 | Moon Well |
| 25:39 | Moon Well |
| 26:48 | Entangling Roots |
| 27:50 | Moon Well |
| 27:51 | Moon Well |
| 29:02 | Ancient of Lore |
| 29:03 | Improved Reinforced Hides |
| 29:04 | Improved Strength of the Wild |
| 30:19 | Abolish Magic |
| 30:19 | Dryad |
| 30:19 | Dryad |
| 30:20 | Dryad |
| 31:06 | Ancient of Lore |
| 31:37 | Advanced Strength of the Wild |
| 31:38 | Advanced Reinforced Hides |
| 33:08 | Searing Arrows |
| 33:22 | Tree of Life |
| 33:31 | Dryad |
| 33:31 | Dryad |
| 33:32 | Dryad |
| 34:42 | Hunter's Hall |
| 35:10 | Dryad |
| 37:35 | Dryad |
| 37:36 | Dryad |
| 40:45 | Altar of Elders |
| 40:59 | Forked Lightning |
| 45:07 | Tranquility |
| 45:49 | Staff of Sanctuary |
| Right click | 4070 |
| Select group | 1955 |
| Select | 427 |
| Resource trade | 265 |
| Build/train/purchase | 192 |
| Misc. action | 184 |
| Use ability | 135 |
| Minimap ping | 46 |
| Assign group | 16 |
| Item give/drop | 5 |
| Esc | 5 |



| Staff of Preservation | 3 | 450 |
| Orb of Venom | 4 | 1300 |
| Moonstone | 3 | 150 |
| Potion of Healing | 1 | 150 |
| Scroll of Regeneration | 2 | 200 |
| Staff of Sanctuary | 2 | 500 |
| total: | 15 | 2750g |
| Wisp | 40 | 2400 | / | 0 |
| total: | 40 | 2400g | / | 0w |
| Altar of Elders | 1 | 180 | / | 50 |
| Moon Well | 34 | 6120 | / | 1360 |
| Ancient of Wonders | 3 | 270 | / | 90 |
| Tree of Life | 2 | 680 | / | 370 |
| Hunter's Hall | 1 | 210 | / | 100 |
| Tree of Ages | 3 | 960 | / | 540 |
| Tree of Eternity | 2 | 660 | / | 400 |
| total: | 41 | 7460g | / | 1970w |
| 0:01 | Wisp |
| 0:05 | Altar of Elders |
| 0:06 | Wisp |
| 0:17 | Moon Well |
| 0:18 | Wisp |
| 0:43 | Wisp |
| 0:51 | Wisp |
| 1:02 | Wisp |
| 1:12 | Wisp |
| 1:27 | Wisp |
| 1:38 | Moon Well |
| 1:51 | Wisp |
| 2:01 | Wisp |
| 2:06 | Shadow Strike |
| 2:15 | Ancient of Wonders |
| 2:21 | Wisp |
| 3:10 | Wisp |
| 3:43 | Tree of Ages |
| 4:04 | Moon Well |
| 5:36 | Blink |
| 5:46 | Moon Well |
| 6:06 | Moon Well |
| 6:20 | Wisp |
| 6:20 | Wisp |
| 6:20 | Wisp |
| 6:21 | Wisp |
| 7:05 | Breath of Fire |
| 7:39 | Tree of Eternity |
| 8:15 | Moon Well |
| 8:36 | Moon Well |
| 8:40 | Ancient of Wonders |
| 8:42 | Moon Well |
| 9:22 | Tree of Life |
| 9:50 | Hunter's Hall |
| 10:05 | Moon Well |
| 10:15 | Moon Well |
| 10:29 | Nature's Blessing |
| 10:34 | Shadow Strike |
| 10:51 | Wisp |
| 10:51 | Wisp |
| 10:57 | Well Spring |
| 11:01 | Ancient of Wonders |
| 11:15 | Blink |
| 12:06 | Wisp |
| 12:06 | Wisp |
| 12:08 | Wisp |
| 12:09 | Wisp |
| 12:28 | Cluster Rockets |
| 12:33 | Wisp |
| 12:36 | Wisp |
| 12:57 | Wisp |
| 12:57 | Wisp |
| 13:07 | Moon Well |
| 13:09 | Wisp |
| 13:22 | Wisp |
| 13:26 | Ultravision |
| 13:39 | Wisp |
| 13:40 | Wisp |
| 13:47 | Moon Well |
| 13:51 | Drunken Haze |
| 13:55 | Wisp |
| 13:56 | Wisp |
| 14:00 | Moon Well |
| 14:01 | Moon Well |
| 14:23 | Staff of Preservation |
| 15:49 | Orb of Venom |
| 15:50 | Staff of Preservation |
| 16:17 | Moon Well |
| 16:26 | Moon Well |
| 16:56 | Orb of Venom |
| 16:57 | Staff of Preservation |
| 17:38 | Orb of Venom |
| 18:21 | Moonstone |
| 18:27 | Moon Well |
| 18:27 | Moon Well |
| 18:59 | Potion of Healing |
| 19:36 | Tree of Life |
| 20:02 | Moonstone |
| 20:32 | Moon Well |
| 20:40 | Scroll of Regeneration |
| 21:03 | Moon Well |
| 21:04 | Moon Well |
| 21:05 | Moon Well |
| 21:05 | Moon Well |
| 21:06 | Moon Well |
| 21:06 | Moon Well |
| 22:15 | Wisp |
| 22:15 | Wisp |
| 22:15 | Wisp |
| 22:15 | Wisp |
| 22:45 | Moon Well |
| 22:45 | Moon Well |
| 22:58 | Scroll of Regeneration |
| 23:49 | Moon Well |
| 23:56 | Wisp |
| 23:56 | Wisp |
| 24:36 | Moon Well |
| 24:36 | Moon Well |
| 25:09 | Shadow Strike |
| 25:10 | Engineering Upgrade |
| 25:48 | Moon Well |
| 26:06 | Breath of Fire |
| 26:58 | Moon Well |
| 26:59 | Moon Well |
| 27:47 | Wisp |
| 27:47 | Wisp |
| 27:50 | Moon Well |
| 28:01 | Moonstone |
| 28:11 | Staff of Sanctuary |
| 28:17 | Staff of Sanctuary |
| 32:54 | Cluster Rockets |
| 33:12 | Orb of Venom |
| 35:41 | Tree of Ages |
| 36:57 | Spirit of Vengeance |
| 38:54 | Drunken Brawler |
| 46:38 | Blink |
| 47:37 | Breath of Fire |
| Right click | 3918 |
| Select group | 1518 |
| Assign group | 487 |
| Select | 467 |
| Use ability | 260 |
| Resource trade | 195 |
| Build/train/purchase | 162 |
| Chat | 50 |
| Misc. action | 41 |
| Minimap ping | 6 |
| Item give/drop | 5 |



| Staff of Sanctuary | 3 | 750 |
| Orb of Venom | 2 | 650 |
| total: | 5 | 1400g |
| Peasant | 27 | 2025 | / | 0 |
| Priest | 1 | 135 | / | 10 |
| Dragonhawk Rider | 6 | 1200 | / | 180 |
| total: | 34 | 3360g | / | 190w |
| Scout Tower | 509 | 15270 | / | 10180 |
| Arcane Tower | 7 | 490 | / | 350 |
| Guard Tower | 178 | 12460 | / | 8900 |
| Altar of Kings | 1 | 180 | / | 50 |
| Farm | 5 | 400 | / | 100 |
| Lumber Mill | 1 | 120 | / | 0 |
| Town Hall | 1 | 385 | / | 205 |
| Arcane Vault | 9 | 1170 | / | 270 |
| Blacksmith | 1 | 140 | / | 60 |
| Barracks | 2 | 320 | / | 120 |
| Arcane Sanctum | 1 | 150 | / | 140 |
| Gryphon Aviary | 3 | 420 | / | 450 |
| Keep | 1 | 320 | / | 210 |
| Castle | 1 | 360 | / | 210 |
| total: | 533 | 18555g | / | 11575w |
| 0:01 | Peasant |
| 0:01 | Peasant |
| 0:04 | Altar of Kings |
| 0:09 | Peasant |
| 0:17 | Farm |
| 0:34 | Lumber Mill |
| 0:35 | Peasant |
| 0:58 | Scout Tower |
| 1:01 | Scout Tower |
| 1:02 | Peasant |
| 1:12 | Scout Tower |
| 1:15 | Peasant |
| 1:19 | Scout Tower |
| 1:22 | Scout Tower |
| 1:22 | Scout Tower |
| 1:24 | Peasant |
| 1:29 | Farm |
| 1:32 | Arcane Tower |
| 1:32 | Scout Tower |
| 1:38 | Peasant |
| 1:44 | Arcane Tower |
| 1:48 | Scout Tower |
| 1:53 | Arcane Tower |
| 1:56 | Arcane Tower |
| 1:58 | Scout Tower |
| 2:01 | Scout Tower |
| 2:06 | Scout Tower |
| 2:10 | Peasant |
| 2:13 | Blizzard |
| 2:16 | Scout Tower |
| 2:16 | Guard Tower |
| 2:19 | Scout Tower |
| 2:20 | Peasant |
| 2:24 | Scout Tower |
| 2:27 | Peasant |
| 2:28 | Guard Tower |
| 2:29 | Scout Tower |
| 2:31 | Scout Tower |
| 2:36 | Guard Tower |
| 2:39 | Guard Tower |
| 2:41 | Scout Tower |
| 2:44 | Peasant |
| 2:49 | Guard Tower |
| 3:06 | Guard Tower |
| 3:08 | Guard Tower |
| 3:22 | Scout Tower |
| 3:23 | Guard Tower |
| 3:26 | Guard Tower |
| 3:26 | Scout Tower |
| 3:27 | Scout Tower |
| 3:54 | Scout Tower |
| 3:56 | Scout Tower |
| 3:57 | Scout Tower |
| 3:58 | Scout Tower |
| 4:12 | Improved Masonry |
| 4:13 | Advanced Masonry |
| 4:14 | Peasant |
| 4:21 | Scout Tower |
| 4:21 | Scout Tower |
| 4:24 | Scout Tower |
| 4:27 | Scout Tower |
| 4:30 | Scout Tower |
| 4:30 | Scout Tower |
| 4:35 | Guard Tower |
| 4:35 | Guard Tower |
| 4:36 | Guard Tower |
| 4:37 | Guard Tower |
| 4:39 | Scout Tower |
| 4:40 | Scout Tower |
| 4:43 | Guard Tower |
| 4:54 | Guard Tower |
| 4:58 | Scout Tower |
| 4:59 | Guard Tower |
| 5:04 | Guard Tower |
| 5:04 | Guard Tower |
| 5:09 | Guard Tower |
| 5:15 | Scout Tower |
| 5:18 | Scout Tower |
| 5:24 | Scout Tower |
| 5:32 | Guard Tower |
| 5:34 | Scout Tower |
| 5:36 | Scout Tower |
| 5:38 | Guard Tower |
| 5:38 | Scout Tower |
| 5:42 | Arcane Tower |
| 5:54 | Scout Tower |
| 5:57 | Peasant |
| 5:57 | Peasant |
| 6:05 | Scout Tower |
| 6:13 | Scout Tower |
| 6:14 | Guard Tower |
| 6:16 | Guard Tower |
| 6:17 | Scout Tower |
| 6:18 | Scout Tower |
| 6:22 | Guard Tower |
| 6:23 | Scout Tower |
| 6:25 | Guard Tower |
| 6:26 | Guard Tower |
| 6:28 | Scout Tower |
| 6:29 | Scout Tower |
| 6:30 | Scout Tower |
| 6:32 | Scout Tower |
| 6:32 | Scout Tower |
| 6:36 | Keep |
| 6:55 | Guard Tower |
| 6:56 | Scout Tower |
| 6:57 | Scout Tower |
| 7:02 | Guard Tower |
| 7:03 | Scout Tower |
| 7:04 | Scout Tower |
| 7:06 | Guard Tower |
| 7:13 | Scout Tower |
| 7:13 | Scout Tower |
| 7:32 | Guard Tower |
| 7:33 | Scout Tower |
| 7:35 | Guard Tower |
| 7:36 | Scout Tower |
| 7:39 | Guard Tower |
| 8:06 | Guard Tower |
| 8:08 | Guard Tower |
| 8:09 | Scout Tower |
| 8:09 | Scout Tower |
| 8:39 | Scout Tower |
| 8:39 | Scout Tower |
| 8:39 | Scout Tower |
| 8:41 | Guard Tower |
| 8:58 | Guard Tower |
| 9:03 | Guard Tower |
| 9:04 | Scout Tower |
| 9:08 | Town Hall |
| 9:15 | Brilliance Aura |
| 9:18 | Scout Tower |
| 9:21 | Scout Tower |
| 9:21 | Scout Tower |
| 9:21 | Scout Tower |
| 9:24 | Scout Tower |
| 9:25 | Scout Tower |
| 9:25 | Scout Tower |
| 9:28 | Guard Tower |
| 9:47 | Guard Tower |
| 10:15 | Scout Tower |
| 10:16 | Scout Tower |
| 10:16 | Scout Tower |
| 10:17 | Scout Tower |
| 10:18 | Scout Tower |
| 10:18 | Scout Tower |
| 10:18 | Scout Tower |
| 10:20 | Guard Tower |
| 10:23 | Peasant |
| 10:27 | Scout Tower |
| 10:28 | Scout Tower |
| 10:32 | Guard Tower |
| 10:33 | Scout Tower |
| 10:50 | Guard Tower |
| 10:50 | Scout Tower |
| 10:51 | Scout Tower |
| 10:51 | Scout Tower |
| 10:58 | Guard Tower |
| 10:59 | Scout Tower |
| 11:00 | Scout Tower |
| 11:00 | Scout Tower |
| 11:02 | Scout Tower |
| 11:03 | Scout Tower |
| 11:03 | Guard Tower |
| 11:04 | Peasant |
| 11:05 | Peasant |
| 11:23 | Guard Tower |
| 11:23 | Scout Tower |
| 11:24 | Scout Tower |
| 11:36 | Castle |
| 11:38 | Guard Tower |
| 11:45 | Peasant |
| 11:45 | Peasant |
| 11:52 | Guard Tower |
| 12:00 | Guard Tower |
| 12:02 | Scout Tower |
| 12:03 | Scout Tower |
| 12:03 | Scout Tower |
| 12:04 | Scout Tower |
| 12:06 | Guard Tower |
| 12:07 | Scout Tower |
| 12:07 | Scout Tower |
| 12:07 | Scout Tower |
| 12:08 | Scout Tower |
| 12:08 | Guard Tower |
| 12:18 | Guard Tower |
| 12:24 | Arcane Sanctum |
| 12:26 | Imbued Masonry |
| 12:26 | Improved Lumber Harvesting |
| 12:27 | Peasant |
| 12:34 | Scout Tower |
| 12:34 | Scout Tower |
| 12:35 | Scout Tower |
| 12:36 | Scout Tower |
| 12:36 | Scout Tower |
| 12:36 | Scout Tower |
| 12:37 | Scout Tower |
| 12:38 | Guard Tower |
| 12:39 | Guard Tower |
| 12:40 | Scout Tower |
| 12:40 | Scout Tower |
| 12:41 | Scout Tower |
| 12:41 | Scout Tower |
| 13:00 | Guard Tower |
| 13:03 | Guard Tower |
| 13:05 | Scout Tower |
| 13:06 | Scout Tower |
| 13:06 | Scout Tower |
| 13:13 | Guard Tower |
| 13:14 | Storm Bolt |
| 13:20 | Orb of Venom |
| 13:26 | Scout Tower |
| 13:26 | Scout Tower |
| 13:27 | Scout Tower |
| 13:27 | Scout Tower |
| 13:27 | Scout Tower |
| 13:28 | Scout Tower |
| 13:28 | Scout Tower |
| 13:28 | Scout Tower |
| 13:35 | Scout Tower |
| 13:36 | Scout Tower |
| 13:40 | Guard Tower |
| 13:46 | Scout Tower |
| 13:47 | Scout Tower |
| 13:47 | Scout Tower |
| 13:50 | Guard Tower |
| 13:52 | Scout Tower |
| 13:53 | Scout Tower |
| 13:54 | Scout Tower |
| 13:54 | Scout Tower |
| 13:55 | Scout Tower |
| 13:55 | Scout Tower |
| 13:59 | Peasant |
| 14:00 | Farm |
| 14:04 | Guard Tower |
| 14:05 | Scout Tower |
| 14:06 | Scout Tower |
| 14:06 | Scout Tower |
| 14:09 | Scout Tower |
| 14:10 | Scout Tower |
| 14:10 | Scout Tower |
| 14:11 | Scout Tower |
| 14:12 | Peasant |
| 14:22 | Arcane Vault |
| 14:23 | Arcane Vault |
| 14:24 | Arcane Vault |
| 14:30 | Arcane Vault |
| 14:31 | Arcane Vault |
| 14:32 | Arcane Vault |
| 14:37 | Guard Tower |
| 14:48 | Guard Tower |
| 14:51 | Scout Tower |
| 14:51 | Scout Tower |
| 14:51 | Guard Tower |
| 14:54 | Scout Tower |
| 14:54 | Scout Tower |
| 14:55 | Scout Tower |
| 14:55 | Scout Tower |
| 15:02 | Guard Tower |
| 15:02 | Guard Tower |
| 15:03 | Guard Tower |
| 15:11 | Guard Tower |
| 15:11 | Guard Tower |
| 15:23 | Scout Tower |
| 15:23 | Scout Tower |
| 15:24 | Scout Tower |
| 15:24 | Scout Tower |
| 15:36 | Blizzard |
| 15:54 | Guard Tower |
| 16:00 | Magic Sentry |
| 16:02 | Priest |
| 16:05 | Guard Tower |
| 16:06 | Scout Tower |
| 16:06 | Scout Tower |
| 16:07 | Scout Tower |
| 16:07 | Scout Tower |
| 16:09 | Guard Tower |
| 16:10 | Scout Tower |
| 16:10 | Scout Tower |
| 16:11 | Scout Tower |
| 16:11 | Scout Tower |
| 16:12 | Scout Tower |
| 16:12 | Scout Tower |
| 16:13 | Scout Tower |
| 16:23 | Peasant |
| 16:24 | Peasant |
| 16:25 | Farm |
| 16:41 | Guard Tower |
| 16:51 | Guard Tower |
| 16:53 | Scout Tower |
| 16:53 | Scout Tower |
| 16:54 | Scout Tower |
| 16:55 | Scout Tower |
| 16:55 | Scout Tower |
| 17:00 | Holy Light |
| 17:18 | Scout Tower |
| 17:19 | Scout Tower |
| 17:20 | Peasant |
| 17:20 | Peasant |
| 17:24 | Scout Tower |
| 17:49 | Guard Tower |
| 17:53 | Scout Tower |
| 17:54 | Scout Tower |
| 17:54 | Scout Tower |
| 18:11 | Scout Tower |
| 18:12 | Scout Tower |
| 18:12 | Scout Tower |
| 18:23 | Arcane Vault |
| 18:24 | Arcane Vault |
| 18:25 | Arcane Vault |
| 18:30 | Scout Tower |
| 18:31 | Scout Tower |
| 18:32 | Scout Tower |
| 18:33 | Scout Tower |
| 18:33 | Scout Tower |
| 18:33 | Scout Tower |
| 18:34 | Scout Tower |
| 18:36 | Guard Tower |
| 18:47 | Guard Tower |
| 18:54 | Guard Tower |
| 18:58 | Guard Tower |
| 18:58 | Guard Tower |
| 19:02 | Scout Tower |
| 19:02 | Scout Tower |
| 19:02 | Scout Tower |
| 19:02 | Scout Tower |
| 19:04 | Scout Tower |
| 19:04 | Scout Tower |
| 19:04 | Scout Tower |
| 19:20 | Guard Tower |
| 20:04 | Guard Tower |
| 20:05 | Scout Tower |
| 20:05 | Scout Tower |
| 20:05 | Scout Tower |
| 20:09 | Bash |
| 20:23 | Guard Tower |
| 20:28 | Scout Tower |
| 20:28 | Scout Tower |
| 20:28 | Scout Tower |
| 20:32 | Staff of Sanctuary |
| 20:51 | Scout Tower |
| 20:51 | Scout Tower |
| 20:52 | Scout Tower |
| 20:53 | Scout Tower |
| 20:53 | Scout Tower |
| 20:54 | Scout Tower |
| 20:54 | Scout Tower |
| 20:55 | Guard Tower |
| 21:02 | Scout Tower |
| 21:02 | Scout Tower |
| 21:03 | Scout Tower |
| 21:03 | Scout Tower |
| 21:24 | Guard Tower |
| 21:37 | Orb of Venom |
| 21:47 | Scout Tower |
| 21:48 | Scout Tower |
| 21:48 | Scout Tower |
| 21:49 | Scout Tower |
| 21:51 | Guard Tower |
| 21:53 | Scout Tower |
| 21:54 | Scout Tower |
| 22:06 | Guard Tower |
| 22:07 | Scout Tower |
| 22:07 | Scout Tower |
| 22:10 | Guard Tower |
| 22:11 | Scout Tower |
| 22:11 | Scout Tower |
| 22:11 | Scout Tower |
| 22:12 | Scout Tower |
| 22:12 | Scout Tower |
| 22:39 | Guard Tower |
| 22:41 | Guard Tower |
| 22:57 | Staff of Sanctuary |
| 23:00 | Staff of Sanctuary |
| 23:15 | Scout Tower |
| 23:15 | Scout Tower |
| 23:16 | Scout Tower |
| 23:16 | Scout Tower |
| 23:16 | Scout Tower |
| 23:29 | Scout Tower |
| 23:29 | Scout Tower |
| 23:29 | Scout Tower |
| 23:29 | Scout Tower |
| 23:29 | Scout Tower |
| 23:30 | Scout Tower |
| 23:30 | Scout Tower |
| 23:30 | Scout Tower |
| 23:30 | Scout Tower |
| 23:35 | Guard Tower |
| 23:38 | Guard Tower |
| 23:39 | Scout Tower |
| 23:39 | Scout Tower |
| 23:40 | Scout Tower |
| 23:40 | Scout Tower |
| 23:40 | Scout Tower |
| 24:12 | Guard Tower |
| 24:14 | Scout Tower |
| 24:14 | Scout Tower |
| 24:19 | Guard Tower |
| 24:20 | Scout Tower |
| 24:21 | Scout Tower |
| 24:22 | Scout Tower |
| 24:22 | Scout Tower |
| 24:23 | Scout Tower |
| 24:24 | Scout Tower |
| 24:36 | Gryphon Aviary |
| 24:36 | Gryphon Aviary |
| 24:36 | Gryphon Aviary |
| 24:39 | Scout Tower |
| 24:40 | Scout Tower |
| 24:41 | Scout Tower |
| 24:41 | Scout Tower |
| 24:46 | Scout Tower |
| 24:46 | Scout Tower |
| 24:47 | Scout Tower |
| 24:59 | Guard Tower |
| 24:59 | Scout Tower |
| 25:00 | Scout Tower |
| 25:00 | Scout Tower |
| 25:11 | Scout Tower |
| 25:12 | Scout Tower |
| 25:22 | Guard Tower |
| 25:26 | Scout Tower |
| 25:26 | Scout Tower |
| 25:41 | Guard Tower |
| 25:42 | Guard Tower |
| 25:44 | Scout Tower |
| 25:44 | Scout Tower |
| 25:45 | Scout Tower |
| 25:49 | Guard Tower |
| 26:11 | Guard Tower |
| 26:13 | Scout Tower |
| 26:14 | Scout Tower |
| 26:14 | Scout Tower |
| 26:19 | Guard Tower |
| 26:20 | Scout Tower |
| 26:21 | Scout Tower |
| 26:22 | Scout Tower |
| 26:28 | Guard Tower |
| 26:33 | Scout Tower |
| 26:33 | Scout Tower |
| 26:34 | Scout Tower |
| 26:54 | Blacksmith |
| 26:55 | Barracks |
| 27:00 | Scout Tower |
| 27:01 | Scout Tower |
| 27:01 | Scout Tower |
| 27:02 | Guard Tower |
| 27:06 | Guard Tower |
| 27:08 | Scout Tower |
| 27:08 | Scout Tower |
| 27:09 | Scout Tower |
| 27:09 | Scout Tower |
| 27:10 | Guard Tower |
| 27:15 | Scout Tower |
| 27:18 | Scout Tower |
| 27:19 | Scout Tower |
| 27:19 | Scout Tower |
| 27:19 | Scout Tower |
| 27:27 | Scout Tower |
| 27:27 | Scout Tower |
| 27:27 | Scout Tower |
| 27:28 | Scout Tower |
| 27:57 | Guard Tower |
| 27:58 | Scout Tower |
| 28:11 | Guard Tower |
| 28:12 | Scout Tower |
| 28:12 | Scout Tower |
| 28:21 | Scout Tower |
| 28:21 | Scout Tower |
| 29:10 | Barracks |
| 29:13 | Studded Leather Armor |
| 29:26 | Guard Tower |
| 29:28 | Dragonhawk Rider |
| 29:29 | Farm |
| 29:40 | Brilliance Aura |
| 29:53 | Advanced Lumber Harvesting |
| 29:59 | Scout Tower |
| 29:59 | Scout Tower |
| 29:59 | Scout Tower |
| 30:00 | Scout Tower |
| 30:04 | Guard Tower |
| 30:05 | Scout Tower |
| 30:05 | Scout Tower |
| 30:06 | Scout Tower |
| 30:07 | Scout Tower |
| 30:07 | Scout Tower |
| 30:07 | Scout Tower |
| 30:07 | Scout Tower |
| 30:09 | Guard Tower |
| 30:13 | Scout Tower |
| 30:13 | Scout Tower |
| 30:14 | Scout Tower |
| 30:15 | Scout Tower |
| 30:15 | Scout Tower |
| 30:16 | Scout Tower |
| 30:17 | Scout Tower |
| 30:18 | Scout Tower |
| 30:19 | Scout Tower |
| 30:19 | Scout Tower |
| 30:19 | Scout Tower |
| 30:20 | Scout Tower |
| 30:20 | Scout Tower |
| 30:21 | Scout Tower |
| 30:22 | Scout Tower |
| 30:22 | Scout Tower |
| 30:44 | Guard Tower |
| 30:45 | Scout Tower |
| 30:46 | Scout Tower |
| 30:50 | Animal War Training |
| 30:52 | Reinforced Leather Armor |
| 31:05 | Dragonhawk Rider |
| 31:14 | Guard Tower |
| 31:16 | Scout Tower |
| 31:16 | Scout Tower |
| 31:16 | Scout Tower |
| 31:18 | Scout Tower |
| 31:19 | Scout Tower |
| 31:19 | Scout Tower |
| 31:19 | Scout Tower |
| 31:28 | Scout Tower |
| 31:29 | Scout Tower |
| 31:29 | Scout Tower |
| 31:30 | Scout Tower |
| 31:46 | Guard Tower |
| 32:07 | Guard Tower |
| 32:10 | Scout Tower |
| 32:10 | Scout Tower |
| 32:10 | Scout Tower |
| 32:11 | Scout Tower |
| 32:13 | Scout Tower |
| 32:13 | Scout Tower |
| 32:14 | Scout Tower |
| 32:14 | Scout Tower |
| 32:15 | Scout Tower |
| 32:20 | Scout Tower |
| 32:20 | Scout Tower |
| 32:23 | Scout Tower |
| 32:36 | Scout Tower |
| 32:37 | Scout Tower |
| 32:42 | Dragonhide Armor |
| 32:43 | Guard Tower |
| 32:53 | Storm Bolt |
| 33:02 | Scout Tower |
| 33:02 | Scout Tower |
| 33:03 | Guard Tower |
| 33:04 | Scout Tower |
| 33:13 | Guard Tower |
| 33:14 | Cloud |
| 33:25 | Scout Tower |
| 33:26 | Scout Tower |
| 33:26 | Scout Tower |
| 33:26 | Scout Tower |
| 33:31 | Guard Tower |
| 33:33 | Scout Tower |
| 33:34 | Scout Tower |
| 33:53 | Scout Tower |
| 33:54 | Scout Tower |
| 33:54 | Scout Tower |
| 33:56 | Guard Tower |
| 33:59 | Guard Tower |
| 34:00 | Guard Tower |
| 34:13 | Guard Tower |
| 34:14 | Scout Tower |
| 34:15 | Scout Tower |
| 34:46 | Dragonhawk Rider |
| 34:50 | Scout Tower |
| 34:51 | Scout Tower |
| 34:51 | Scout Tower |
| 34:51 | Scout Tower |
| 34:52 | Scout Tower |
| 34:53 | Scout Tower |
| 34:53 | Scout Tower |
| 34:54 | Scout Tower |
| 34:55 | Scout Tower |
| 34:55 | Scout Tower |
| 34:55 | Scout Tower |
| 34:57 | Guard Tower |
| 34:58 | Guard Tower |
| 35:08 | Divine Shield |
| 35:15 | Scout Tower |
| 35:19 | Guard Tower |
| 35:21 | Scout Tower |
| 35:21 | Scout Tower |
| 35:22 | Scout Tower |
| 35:29 | Scout Tower |
| 35:30 | Scout Tower |
| 35:36 | Guard Tower |
| 35:37 | Scout Tower |
| 35:37 | Scout Tower |
| 35:37 | Scout Tower |
| 35:38 | Scout Tower |
| 35:44 | Guard Tower |
| 35:47 | Scout Tower |
| 35:47 | Scout Tower |
| 35:48 | Scout Tower |
| 35:48 | Scout Tower |
| 35:48 | Scout Tower |
| 35:50 | Scout Tower |
| 36:15 | Guard Tower |
| 36:32 | Guard Tower |
| 36:33 | Scout Tower |
| 36:33 | Scout Tower |
| 36:34 | Scout Tower |
| 36:35 | Scout Tower |
| 36:35 | Scout Tower |
| 36:37 | Guard Tower |
| 36:42 | Guard Tower |
| 38:08 | Guard Tower |
| 38:36 | Guard Tower |
| 38:56 | Scout Tower |
| 38:57 | Scout Tower |
| 39:24 | Holy Light |
| 40:23 | Scout Tower |
| 40:24 | Scout Tower |
| 40:43 | Guard Tower |
| 40:51 | Guard Tower |
| 41:47 | Scout Tower |
| 41:47 | Scout Tower |
| 41:48 | Scout Tower |
| 41:48 | Scout Tower |
| 41:49 | Scout Tower |
| 41:49 | Scout Tower |
| 41:49 | Scout Tower |
| 41:50 | Scout Tower |
| 42:06 | Divine Shield |
| 42:15 | Scout Tower |
| 42:15 | Scout Tower |
| 42:41 | Guard Tower |
| 42:57 | Scout Tower |
| 42:57 | Scout Tower |
| 42:58 | Scout Tower |
| 42:58 | Scout Tower |
| 42:59 | Scout Tower |
| 42:59 | Scout Tower |
| 42:59 | Scout Tower |
| 43:01 | Scout Tower |
| 43:01 | Scout Tower |
| 43:01 | Scout Tower |
| 43:02 | Scout Tower |
| 43:03 | Guard Tower |
| 43:07 | Scout Tower |
| 43:08 | Scout Tower |
| 43:08 | Scout Tower |
| 43:08 | Scout Tower |
| 43:08 | Scout Tower |
| 43:09 | Scout Tower |
| 43:09 | Scout Tower |
| 43:54 | Bash |
| 44:06 | Guard Tower |
| 44:08 | Guard Tower |
| 44:10 | Scout Tower |
| 44:11 | Scout Tower |
| 44:11 | Scout Tower |
| 44:11 | Scout Tower |
| 44:12 | Scout Tower |
| 44:12 | Scout Tower |
| 44:13 | Scout Tower |
| 44:13 | Scout Tower |
| 44:14 | Scout Tower |
| 44:15 | Scout Tower |
| 44:15 | Scout Tower |
| 44:19 | Scout Tower |
| 44:19 | Scout Tower |
| 44:20 | Scout Tower |
| 44:20 | Scout Tower |
| 44:21 | Scout Tower |
| 44:21 | Scout Tower |
| 44:35 | Scout Tower |
| 44:35 | Scout Tower |
| 44:36 | Scout Tower |
| 44:38 | Scout Tower |
| 44:38 | Scout Tower |
| 44:38 | Scout Tower |
| 44:39 | Scout Tower |
| 44:40 | Scout Tower |
| 44:40 | Scout Tower |
| 44:45 | Guard Tower |
| 44:56 | Guard Tower |
| 45:05 | Scout Tower |
| 45:05 | Scout Tower |
| 45:06 | Scout Tower |
| 45:06 | Scout Tower |
| 45:07 | Scout Tower |
| 45:07 | Scout Tower |
| 45:32 | Scout Tower |
| 45:32 | Scout Tower |
| 45:33 | Scout Tower |
| 45:33 | Scout Tower |
| 45:48 | Guard Tower |
| 46:00 | Guard Tower |
| 46:10 | Dragonhawk Rider |
| 46:26 | Guard Tower |
| 46:41 | Dragonhawk Rider |
| 46:41 | Dragonhawk Rider |
| 47:11 | Scout Tower |
| 47:11 | Scout Tower |
| 47:12 | Scout Tower |
| 47:12 | Scout Tower |
| 47:13 | Scout Tower |
| 47:14 | Scout Tower |
| 47:14 | Scout Tower |
| 47:42 | Guard Tower |
| 47:45 | Scout Tower |
| 47:45 | Scout Tower |
| 47:45 | Scout Tower |
| 47:46 | Guard Tower |
| 47:59 | Guard Tower |
| 48:04 | Blizzard |
| 48:10 | Scout Tower |
| 48:12 | Scout Tower |
| 48:13 | Guard Tower |
| 48:22 | Scout Tower |
| 48:23 | Scout Tower |
| 48:24 | Scout Tower |
| 48:25 | Scout Tower |
| 48:25 | Scout Tower |
| 48:25 | Scout Tower |
| 48:26 | Scout Tower |
| 48:43 | Holy Light |
| 48:56 | Scout Tower |
| 48:56 | Scout Tower |
| 48:57 | Scout Tower |
| 48:57 | Scout Tower |
| 48:57 | Scout Tower |
| 48:58 | Scout Tower |
| 48:58 | Scout Tower |
| 48:59 | Scout Tower |
| 49:03 | Guard Tower |
| 49:06 | Scout Tower |
| 49:06 | Scout Tower |
| 49:06 | Scout Tower |
| 49:07 | Guard Tower |
| 49:18 | Scout Tower |
| 49:19 | Scout Tower |
| 49:19 | Scout Tower |
| 49:41 | Scout Tower |
| 49:42 | Guard Tower |
| 49:43 | Scout Tower |
| 50:11 | Guard Tower |
| 50:13 | Scout Tower |
| 50:15 | Scout Tower |
| 50:15 | Scout Tower |
| 50:42 | Guard Tower |
| 51:01 | Guard Tower |
| 51:06 | Scout Tower |
| 51:07 | Scout Tower |
| 51:07 | Scout Tower |
| 51:08 | Scout Tower |
| 51:09 | Scout Tower |
| 51:09 | Scout Tower |
| 51:09 | Scout Tower |
| 51:10 | Scout Tower |
| 51:10 | Scout Tower |
| 51:10 | Scout Tower |
| 51:11 | Scout Tower |
| 51:15 | Guard Tower |
| Right click | 2679 |
| Select | 1815 |
| Select group | 942 |
| Assign group | 419 |
| Build/train/purchase | 333 |
| Use ability | 164 |
| Minimap ping | 18 |
| Misc. action | 9 |
| Item give/drop | 4 |
| Remove unit | 1 |
⇛